 Dungeon Crawl Stone Soup version 0.24-a0-584-g9d6b971ae4 (webtiles) character file.

Game seed: 6993975772699346599, levelgen mode: deterministic

4535 DEFE the Basher (level 10, -4/80 HPs)
             Began as a White Draconian Fighter on Aug 30, 2019.
             Was an Initiate of Gozag.
             Slain by a wyvern (6 damage)
             ... while paralysed by a big kobold
             ... on level 9 of the Dungeon.
             The game lasted 00:12:40 (8511 turns).

DEFE the Basher (White Draconian Fighter)           Turns: 8511, Time: 00:12:41

Health: -4/80      AC:  9    Str: 22    XL:     10   Next: 17%
Magic:  10/10      EV:  2    Int:  9    God:    Gozag
Gold:   600        SH:  0    Dex: 12    Spells: 9/9 levels left

rFire    . . .     SeeInvis .   n - +4 flail (holy)
rCold    + . .     Gourm    .   b - +0 shield
rNeg     . . .     Faith    .   (armour unavailable)
rPois    .         Spirit   .   (helmet restricted)
rElec    .         Reflect  +   (no cloak)
rCorr    .         Harm     .   c - +1 pair of gloves
MR       .....                  (no boots)
Stlth    ..........             j - +3 amulet of reflection
HPRegen  0.23/turn              r - ring of attention (curse)
MPRegen  0.12/turn              v - +2 ring of dexterity

@: paralysed
A: breathe frost, unfitting armour, cold resistance 1, cold-blooded, AC +7
a: Breathe Frost, Potion Petition, Call Merchant, Bribe Branch, Renounce
Religion


You were on level 9 of the Dungeon.
You worshipped Gozag.
Gozag was pleased with you.
You were not hungry.

You visited 2 branches of the dungeon, and saw 10 of its levels.

You collected 736 gold pieces.
You paid 136 gold pieces to Gozag.

Inventory:

Hand Weapons
 a - a +0 flail
 n - a +4 flail of holy wrath (weapon)
Missiles
 q - 36 poisoned darts (quivered)
Armour
 b - a +0 shield (worn)
 c - a +1 pair of gloves (worn)
Jewellery
 j - a +3 amulet of reflection (around neck)
 r - a cursed ring of attention (left hand)
 v - a +2 ring of dexterity (right hand)
 x - an uncursed ring of protection from magic
 y - an uncursed ring of stealth {unknown}
Wands
 t - a wand of digging (4)
 w - a wand of random effects (17)
 z - a wand of disintegration (9)
 D - a wand of iceblast (5)
Scrolls
 e - 8 scrolls of remove curse
 f - a scroll of random uselessness {unknown}
 g - 7 scrolls of identify
 h - 3 scrolls of teleportation
 i - 5 scrolls of enchant armour {unknown}
 m - a scroll of fear {unknown}
 s - 2 scrolls of magic mapping {unknown}
 u - a scroll of immolation {unknown}
 A - 4 scrolls of enchant weapon {unknown}
 B - a scroll of blinking {unknown}
Potions
 k - a potion of brilliance
 l - a potion of haste
 o - 3 potions of mutation {unknown}
 p - 4 potions of curing {unknown}
 C - a potion of heal wounds
 E - a potion of lignification {unknown}
Comestibles
 d - 9 rations


   Skills:
 + Level 4.9 Fighting
 - Level 13.3 Maces & Flails
 + Level 4.1 Dodging
 + Level 4.5 Shields


You had 9 spell levels left.
You didn't know any spells.
Your spell library was empty.

Dungeon Overview and Level Annotations

Branches:
Dungeon (9/15)             Temple (1/1) D:5            Lair (0/6) D:8
    Orc: D:9-12

Altars:
Ashenzari
Cheibriados
Dithmenos
Elyvilon
Fedhas
Gozag
Hepliaklqana
Kikubaaqudgha
Makhleb
Nemelex Xobeh
Okawaru
Qazlal
Ru
Sif Muna
Trog
Uskayaw
Vehumet
Wu Jian
Xom
Yredelemnul
Zin
The Shining One

Shops:
D:7 (


Innate Abilities, Weirdness & Mutations

You can breathe waves of freezing cold.
You can buffet flying creatures when you breathe cold.
Your icy white scales are hard. (AC +7)
You cannot fit into any form of body armour.
Your flesh is cold resistant. (rC+)
You are cold-blooded and may be slowed by cold attacks.


Message History

A kobold comes into view. It is wielding a +0 whip.
The wyvern bites you!!
You take 19 damage, and have 50/80 hp.
MASSIVE DAMAGE!!
You hit the wyvern but do no damage.
The big kobold zaps a wand.
You suddenly lose the ability to move!
The wyvern bites you!
A kobold comes into view. It is wielding a +0 club.
The wyvern bites you!
The big kobold hits you with a +0 dagger.
The wyvern bites you.
The big kobold hits you but does no damage.
The wyvern bites you!
* * * LOW HITPOINT WARNING * * *
The wyvern bites you!
* * * LOW HITPOINT WARNING * * *
The big kobold zaps a wand.
You easily resist.
The wyvern bites you.
You die...
Your body crumbles into a pile of gold.

####.######.#
............# ###
..##.######## #(. #.##.#
....###.# .....#
.)......# #.####
..$.....# (..# .....##.#
...# .....##$########
...#######...KKl@#.......
..............##K#.......
.........#.##.##$#$o.....
..............##((.......
.........#..#.##$#$......
.>.####..........#.......
.........##.#.####)......
.#.#####....K.# #######
>.. ####.###


You could see a wyvern, a big kobold and 2 kobolds.

Vanquished Creatures
  Grinder (D:6)
  Prince Ribbit (D:5)
  Sigmund (D:6)
  Edmund (D:6)
  Duvessa (D:7)
  An orc warrior (D:7)
  3 porcupines (D:8)
  An ice beast (D:6)
  3 sky beasts
  2 eyes of draining (D:3)
  2 ogres
  3 phantoms
  A centaur (D:4)
  Blork the orc (D:5)
  2 crocodiles (D:8)
  4 bullfrogs
  Dowan (D:7)
  6 scorpions
  7 howler monkeys
  2 crimson imps (D:5)
  A quasit (D:5)
  2 orc priests
  A bullfrog skeleton (D:3)
  3 hounds
  A jelly (D:3)
  Terence (D:2)
  Ijyb (D:5)
  An iguana (D:4)
  10 orc wizards
  3 worker ants
  A hound skeleton (D:4)
  Robin (D:2)
  14 gnolls
  13 adders
  A shadow imp (D:7)
  An ooze (D:4)
  An adder skeleton (D:9)
  3 worms
  5 dart slugs
  4 leopard geckos
  25 orcs
  A ball python (D:2)
  9 bats
  6 giant cockroaches
  19 goblins
  4 hobgoblins (D:2)
  8 jackals
  2 quokkas
  5 frilled lizards
  A jackal zombie (D:5)
  6 kobolds
  A quokka skeleton (D:4)
  A quokka zombie (D:8)
  10 rats
210 creatures vanquished.

Vanquished Creatures (others)
  A centaur (D:9)
  An orc wizard (D:7)
  4 fungi (D:8)
6 creatures vanquished.

Grand Total: 216 creatures vanquished

Notes
Turn   | Place    | Note
-------+----------+-------------------------------------------
     0 | D:1      | DEFE the Draconian Fighter began the quest for the Orb.
     0 | D:1      | Reached XP level 1. HP: 19/19 MP: 1/1
   163 | D:1      | Reached XP level 2. HP: 26/26 MP: 2/2
   643 | D:2      | Reached skill level 3 in Maces & Flails
   745 | D:2      | Noticed Terence
   765 | D:2      | Killed Terence
   765 | D:2      | Reached XP level 3. HP: 8/31 MP: 3/3
   825 | D:2      | Reached skill level 4 in Maces & Flails
   833 | D:2      | Reached XP level 4. HP: 33/38 MP: 4/4
   968 | D:2      | You fall into a shaft and drop 2 floors!
  1069 | D:4      | Reached skill level 5 in Maces & Flails
  1110 | D:3      | Reached XP level 5. HP: 45/45 MP: 5/5
  1220 | D:3      | HP: 2/45 [orc/+0 short sword of electrocution (4)]
  1757 | D:2      | Reached skill level 6 in Maces & Flails
  1871 | D:2      | Noticed Robin
  1895 | D:2      | Killed Robin
  2125 | D:2      | Reached XP level 6. HP: 45/51 MP: 6/6
  2510 | D:3      | Found a bloodstained altar of Trog.
  2529 | D:3      | Reached skill level 7 in Maces & Flails
  2539 | D:3      | Your scales start taking on an icy white colour.
  2539 | D:3      | Reached XP level 7. HP: 37/57 MP: 1/7
  2539 | D:3      | Gained mutation: Your flesh is cold resistant. (rC+) [White
                  | Draconian growth]
  2599 | D:3      | DEFE: Qtiamat
  2599 | D:3      | DEFE: !tiamat
  2599 | D:3      | beem: DEFE is not a tiamat player. Unwon draconians:
                  | Yellow, Pale, White, Red
  2944 | D:3      | Found a stormy altar of Qazlal.
  3073 | D:4      | Reached skill level 8 in Maces & Flails
  3492 | D:4      | Reached skill level 9 in Maces & Flails
  3621 | D:5      | Entered Level 5 of the Dungeon
  3621 | D:5      | Noticed Blork the orc
  3705 | D:5      | You fall into a shaft and drop 1 floor!
  3828 | D:6      | Noticed Edmund
  3866 | D:6      | Killed Edmund
  3866 | D:6      | Reached XP level 8. HP: 41/63 MP: 8/8
  4010 | D:6      | Noticed Grinder
  4021 | D:6      | Killed Grinder
  4021 | D:6      | Reached skill level 10 in Maces & Flails
  4455 | D:6      | Noticed Sigmund
  4465 | D:6      | Killed Sigmund
  4799 | D:5      | Reached skill level 11 in Maces & Flails
  5107 | D:5      | Found a staircase to the Ecumenical Temple.
  5113 | Temple   | Entered the Ecumenical Temple
  5226 | Temple   | Became a worshipper of the Shining One
  5359 | D:5      | Noticed Prince Ribbit
  5361 | D:5      | Noticed Ijyb
  5378 | D:5      | Killed Ijyb
  5378 | D:5      | Reached XP level 9. HP: 26/70 MP: 9/9
  5383 | D:5      | Killed Prince Ribbit
  5805 | D:5      | Killed Blork the orc
  5805 | D:5      | Reached skill level 12 in Maces & Flails
  6071 | D:7      | Noticed Duvessa
  6086 | D:7      | Killed Duvessa
  6356 | D:7      | Reached skill level 13 in Maces & Flails
  6565 | D:7      | Noticed Dowan
  6577 | D:7      | Killed Dowan
  6849 | D:7      | Found Ocawa's Weapon Boutique.
  7030 | Temple   | Fell from the grace of the Shining One
  7030 | Temple   | Became a worshipper of Gozag Ym Sagoz the Greedy
  7144 | D:8      | Found a staircase to the Lair.
  7940 | D:8      | Reached XP level 10. HP: 63/79 MP: 10/10
  8331 | D:9      | Found a glowing golden altar of the Shining One.
  8508 | D:9      | Paralysed by a big kobold for 7 turns
  8511 | D:9      | HP: 2/80 [wyvern (16)]
  8511 | D:9      | Slain by a wyvern

Levels and vault maps discovered:
D:1:      zaba_arrival_water, layout_basic, serial_bayou_pond_d,
          minmay_tetromino_s4
D:2:      layout_basic, kennysheep_generic_room_8, uniq_robin, uniq_terence
D:3:      layout_rooms, nicolae_overflow_crystal_walls, first_ration,
          trog_eyes_of_draining
D:4:      layout_basic
D:5:      layout_cave_pools, minmay_temple_entry_grid, uniq_blork_the_orc,
          uniq_prince_ribbit1, uniq_ijyb
D:6:      layout_loops_ring, uniq_sigmund, uniq_edmund, uniq_grinder
D:7:      layout_basic, serial_shops, kennysheep_little_box, uniq_duvessa
D:8:      layout_loops_ring, due_lair_maze_entry_diamond
D:9:      layout_loops_cross, grunt_ogre_cave, nicolae_tso_swordbearing_angel,
          uniq_joseph, uniq_maurice
Temple:   kilobyte_greek_temple

Skill      XL: |  1  2  3  4  5  6  7  8  9 10 |
---------------+-------------------------------+-----
Maces & Flails | 3 4 5 6 7 9 11 13 | 13.3
Dodging        | 3 4 |  4.1
Fighting       | 4 |  4.9
Shields        | 4 |  4.5

Action                   |  1- 3 |  4- 6 |  7- 9 | 10-12 || total
-------------------------+-------+-------+-------+-------++-------
Melee: Flail             |    79 |   228 |   374 |    62 ||   743
       Tailslap          |     7 |    22 |    51 |     5 ||    85
Throw: Dart              |       |       |    17 |       ||    17
 Abil: Breathe Frost     |       |       |     3 |       ||     3
Evoke: Wand              |       |       |     9 |       ||     9
  Use: Potion            |     2 |     2 |     2 |       ||     6
       Scroll            |       |     3 |       |       ||     3
 Stab: Sleeping          |       |     1 |     2 |       ||     3
  Eat: Chunk             |       |     2 |    11 |       ||    13
       Ration            |       |     1 |     2 |     1 ||     4
Armor: Skin              |    36 |    42 |    86 |    13 ||   177
Dodge: Dodged            |    34 |    83 |   111 |    13 ||   241
Block: Shield            |    52 |   173 |   198 |    29 ||   452
       Reflection        |       |    10 |     1 |     5 ||    16

Table legend:
 A = Non-vault XP
 B = Vault XP
 C = Vault XP percentage of total XP
 D = Non-vault monster count
 E = Vault monster count
 F = Vault count percentage of total count
                 A         B        C        D         E       F
            +---------+---------+-------+---------+---------+-------
      Total |    3934 |    2545 |  39.3 |     176 |      36 |  17.0
            +---------+---------+-------+---------+---------+-------
        D:1 |      26 |       2 |   7.1 |      13 |       2 |  13.3
        D:2 |     105 |      72 |  40.7 |      28 |      13 |  31.7
        D:3 |     308 |     265 |  46.2 |      35 |       4 |  10.3
        D:4 |     495 |       0 |   0.0 |      23 |       0 |   0.0
        D:5 |     336 |     376 |  52.8 |       8 |       3 |  27.3
        D:6 |     563 |     675 |  54.5 |       8 |       3 |  27.3
        D:7 |    1280 |     217 |  14.5 |      33 |       2 |   5.7
        D:8 |     307 |     938 |  75.3 |      14 |       9 |  39.1
        D:9 |     514 |       0 |   0.0 |      14 |       0 |   0.0
            +---------+---------+-------+---------+---------+-------
